 Dungeon Crawl Stone Soup version 0.22-a0-553-g9358b0b (webtiles) character file.

39 inc the Conjurer (level 3, -3/21 HPs)
             Began as an Octopode Fire Elementalist on June 25, 2018.
             Slain by a quokka (4 damage)
             ... on level 2 of the Dungeon.
             The game lasted 00:01:25 (1305 turns).

inc the Conjurer (Octopode Fire Elementalist)       Turns: 1305, Time: 00:01:26

Health: -3/21      AC:  1    Str:  7    XL:     3   Next: 45%
Magic:  0/6        EV: 13    Int: 18    God:
Gold:   117        SH:  0    Dex: 12    Spells: 5/6 levels left

rFire    . . .     SeeInvis .   (no weapon)
rCold    . . .     Gourm    .   (no shield)
rNeg     . . .     Faith    .   (helmet restricted)
rPois    .         Spirit   .   (no amulet)
rElec    .         Reflect  .   (no ring)
rCorr    .         Harm     .   (no ring)
MR       .....                  (no ring)
Stlth    +++.......             (no ring)
HPRegen  0.07/turn              (no ring)
MPRegen  0.10/turn              (no ring)
                                (no ring)
                                (no ring)

@: no status effects
A: almost no armour, stealthy swim, amphibious, 8 rings, constrict 8, camouflage
1, gelatinous body 1
a: no special abilities


You were on level 2 of the Dungeon.
You were not hungry.

You visited 1 branch of the dungeon, and saw 2 of its levels.

You collected 117 gold pieces.

Inventory:

Armour
 g - a +0 hat
Jewellery
 c - an uncursed ring of ice {unknown}
Scrolls
 a - a scroll of fear {unknown}
 e - 3 scrolls of remove curse {unknown}
 f - a scroll of teleportation {unknown}
 i - a scroll of identify {unknown}
 j - a scroll of immolation {unknown}
 k - a scroll of amnesia {unknown}
 m - a scroll of enchant weapon {unknown}
Potions
 d - a potion of berserk rage {unknown}
 h - a potion of invisibility {unknown}
 l - a potion of heal wounds {unknown}
Comestibles
 b - 4 rations


   Skills:
 - Level 2.0 Dodging
 - Level 2.6 Stealth
 - Level 2.0 Spellcasting
 + Level 3.2 Conjurations
 - Level 3.0 Fire Magic


You had 5 spell levels left.
You knew the following spells:

 Your Spells              Type           Power        Failure   Level  Hunger
a - Flame Tongue          Conj/Fire      ##...        4%          1    #......

Your spell library contained the following spells:

 Spells                   Type           Power        Failure   Level  Hunger
 Fireball                 Conj/Fire      ##........   80%         5    ######.
 Conjure Flame            Conj/Fire      ##......     16%         3    ###....
 Throw Flame              Conj/Fire      ##....       8%          2    ###....
 Sticky Flame             Conj/Fire      ##......     45%         4    #####..
 Inner Flame              Hex/Fire       #.......     28%         3    ###....


Dungeon Overview and Level Annotations

Branches:
Dungeon (2/15)

Altars:


Innate Abilities, Weirdness & Mutations

You cannot wear most types of armour.
You are very stealthy in the water. (Stealth+)
You are amphibious.
You can wear up to eight rings at the same time.
You can use your tentacles to constrict eight enemies at once.
Your skin changes colour to match your surroundings (Stealth+).
Your rubbery body absorbs attacks. (AC +1, EV +1)


Message History

You barely miss the rat.
The rat is heavily wounded.
You constrict the rat.
You kill the rat!
You barely miss the quokka. You grab the quokka. You squeeze the quokka.
The quokka is heavily wounded.
You constrict the quokka, but do no damage.
The quokka bites you.
* * * LOW HITPOINT WARNING * * *
You tentacle-slap the quokka.
The quokka is severely wounded.
You constrict the quokka. The quokka bites you.
* * * LOW HITPOINT WARNING * * *
The quokka barely misses you.
Unknown command.
You tentacle-slap the quokka but do no damage.
The quokka is almost dead.
You constrict the quokka, but do no damage.
The quokka bites you.
You die...

..(...>.....######
####.............#
#.(....######.##
#....### #..#
#...## ##.# #####
### #†# #.##..##.#
#.....#(#
#)...r@.#
#....#### ##.. ##


You could see a quokka.

Vanquished Creatures
  An ooze (D:2)
  A worm (D:2)
  A leopard gecko (D:1)
  2 ball pythons
  2 bats
  A giant cockroach (D:1)
  3 goblins
  A hobgoblin (D:1)
  4 kobolds
  20 rats
36 creatures vanquished.

Notes
Turn   | Place    | Note
-------+----------+-------------------------------------------
     0 | D:1      | inc the Octopode Fire Elementalist began the quest for the Orb.
     0 | D:1      | Reached XP level 1. HP: 11/11 MP: 3/3
   381 | D:1      | Reached XP level 2. HP: 16/17 MP: 1/5
  1026 | D:2      | Reached XP level 3. HP: 14/21 MP: 0/6
  1304 | D:2      | HP: 1/21 [quokka (3)]
  1305 | D:2      | Slain by a quokka

Vault maps used:
D:1:      mrwooster_arrival_arrow, minmay_misc_feat_pillars,
          minmay_tiny_reverse_x
D:2:      minmay_rat_hole

Skill      XL: |  1  2  3 |
---------------+----------+-----
Conjurations   | 2 3 |  3.2
Dodging        | |  2.0
Stealth        | |  2.6
Spellcasting   | |  2.0
Fire Magic     | |  3.0

Action                   || total
-------------------------++-------
Melee: Unarmed           ||    35
       Constrict         ||    12
       Tentacles         ||     8
 Cast: Flame Tongue      ||    43
  Eat: Chunk             ||     2
Armor: Skin              ||     1
Dodge: Dodged            ||    29

Table legend:
 A = Spawn XP
 B = Non-spawn XP
 C = Spawn XP percentage of total XP
 D = Spawn monster count
 E = Non-spawn monster count
 F = Spawn count percentage of total count
 G = Total turns spent on level
                    A         B        C        D         E        F      G
               +---------+---------+-------+---------+---------+-------+---------
         Total |       0 |      56 |   0.0 |       0 |      36 |   0.0 |  1305
               +---------+---------+-------+---------+---------+-------+---------
           D:1 |       0 |      22 |   0.0 |       0 |      12 |   0.0 |   918
           D:2 |       0 |      34 |   0.0 |       0 |      24 |   0.0 |   387
               +---------+---------+-------+---------+---------+-------+---------
